 Dungeon Crawl Stone Soup version 0.29.0-4-gdea44cf6ec (webtiles) character file.

Game seed: 15184126651117269655

109 qw the Caller (level 4, 0/36 HPs)
             Began as a Ghoul Summoner on Sept 10, 2022.
             Slain by a wyvern (5 damage)
             ... on level 4 of the Dungeon.
             The game lasted 00:01:30 (4738 turns).

qw the Caller (Ghoul Summoner)                      Turns: 4738, Time: 00:01:31

Health: 0/36       AC:  8    Str: 13    XL:     4   Next: 90%
Magic:  5/5        EV:  5    Int: 10    God:
Gold:   148        SH:  0    Dex:  9    Spells: 5/6 levels left

rFire   . . .      SeeInvis .   Y - +0 hand axe (vorpal)
rCold   + . .      Faith    .   (no shield)
rNeg    + + +      Spirit   .   l - +0 chain mail
rPois   inf        Reflect  .   (no helmet)
rElec   .          Harm     .   (no cloak)
rCorr   .          Rampage  .   (no gloves)
Will    .....                   (no boots)
Stlth   ..........              (no amulet)
HPRegen 0.00/turn               (no ring)
MPRegen 0.09/turn               (no ring)

@: inhibited regen
A: claws 1, cold resistance 1, negative energy resistance 3, inhibited
regeneration, torment resistance 2, devour on kill
a: no special abilities


You were on level 4 of the Dungeon.
You visited 1 branch of the dungeon, and saw 4 of its levels.

You collected 148 gold pieces.


Innate Abilities, Weirdness & Mutations

You are immune to poison.
You have sharp fingernails.
Your flesh is cold resistant. (rC+)
You are immune to negative energy. (rN+++)
You do not regenerate when monsters are visible.
You are immune to unholy pain and torment.
You thrive by killing the living.


   Skills:
 - Level 2.0 Fighting
 - Level 3.3 Axes
 + Level 0.1 Armour
 - Level 1.7 Dodging
 - Level 2.1 Stealth
 - Level 1.7 Spellcasting
 - Level 3.6 Summonings


You had 5 spell levels left.
You knew the following spells:

 Your Spells              Type           Power      Damage    Failure   Level
a - Summon Small Mammal   Summ           32%        N/A       95%         1

Your spell library contained the following spells:

 Spells                   Type           Power      Damage    Failure   Level
 Call Imp                 Summ           8%         N/A       99%         2
 Call Canine Familiar     Summ           8%         N/A       100%        3
 Summon Guardian Golem    Hex/Summ       4%         N/A       100%        3
 Summon Lightning Spire   Summ/Air       4%         N/A       100%        4

Inventory:

Hand Weapons
 m - a +0 mace
 Y - a +0 vorpal hand axe (weapon)
Missiles
 b - 5 boomerangs (quivered)
Armour
 l - a +0 chain mail (worn)
Scrolls
 c - a scroll of butterflies {unknown}
Potions
 a - a potion of curing {unknown}
 d - a potion of mutation {unknown}
 e - a potion of brilliance {unknown}
 f - a potion of haste {unknown}
 g - a potion of heal wounds {unknown}
 i - a potion of flight {unknown}
 j - a potion of attraction {unknown}

Dungeon Overview and Level Annotations

Branches:
Dungeon (4/15)
 Temple: D:4-7

Altars:
Hepliaklqana
Makhleb

Shops:
D:1 [(


Message History

(1) D:2 (2) D:3 Assign waypoint to what number? (0-9, D - delete waypoint) Waypoint 1 re-assigned from D:2 to D:4.
c - a scroll labelled ICKOFY ETYOHUL You open the door. 2 jackals come into view.
The jackal barks!
A wyvern comes into view.
Found a leather armour.
Enter note: Throw: 5 boomerangs
Press: ? - help, Q - select action Shift-Dir - straight line, f - jackal You throw a boomerang.
The boomerang hits the jackal.
You kill the jackal!
You closely miss the jackal.
The jackal bites you but does no damage.
You hit the jackal.
The jackal is heavily wounded.
The jackal bites you but does no damage. x2
You hit the jackal but do no damage.
The jackal is heavily wounded.
The jackal bites you but does no damage.
You closely miss the jackal.
The jackal is heavily wounded.
The jackal barely misses you. x2
You hit the jackal.
You kill the jackal!
You barely miss the wyvern. The wyvern bites you. The wyvern bites you!
You hit the wyvern.
The wyvern is lightly wounded.
The wyvern bites you!
The wyvern bites you but does no damage.
You closely miss the wyvern.
The wyvern is lightly wounded.
The wyvern bites you.
You slash the wyvern! Your claw misses the wyvern.
The wyvern is moderately wounded.
The wyvern bites you.
You die...

##.........
#.........
........ #......
..... .[.
.#######l#
........@#
########.#
.........#
.#######.# #.#
#######.##########
#.....#..........#
#.###.##########.#
#.#.......... #.#


You could see a wyvern.

Vanquished Creatures
  4 adders
  An ufetubus (D:3)
  4 orcs (D:3)
  3 bats
  5 endoplasms
  3 giant cockroaches
  A goblin (D:3)
  A hobgoblin (D:1)
  2 jackals (D:4)
  12 kobolds
  2 quokkas (D:3)
  A ball python (D:1)
  A frilled lizard (D:1)
  2 rats
42 creatures vanquished.

Vanquished Creatures (collateral kills)
  A ball python (D:2)
  6 endoplasms
  2 goblins (D:1)
  A hobgoblin (D:1)
  3 bats (D:2)
  4 frilled lizards
  4 rats
21 creatures vanquished.

Grand Total: 63 creatures vanquished

Notes
Turn   | Place    | Note
-------+----------+-------------------------------------------
     0 | D:1      | qw the Ghoul Summoner began the quest for the Orb.
     0 | D:1      | Reached XP level 1. HP: 14/14 MP: 2/2
     0 | D:1      | 0 ||| qw: Version: 0.1-a-116-g5d60599
     0 | D:1      | 0 ||| qw: Game counter: 7627
     0 | D:1      | 0 ||| qw: Always use a shield: true
     0 | D:1      | 0 ||| qw: God list: Okawaru
     0 | D:1      | 0 ||| qw: Allow faded altars: false
     0 | D:1      | 0 ||| qw: Do Orc after D:15 true
     0 | D:1      | 0 ||| qw: Do second Lair branch before Depths: true
     0 | D:1      | 0 ||| qw: Lair rune preference: random
     0 | D:1      | 0 ||| qw: Plans: Normal
     0 | D:1      | 0 ||| PLANNING D:1-11
    22 | D:1      | 22 ||| CASTING Summon Small Mammal
    23 | D:1      | 23 ||| CASTING Summon Small Mammal
    49 | D:1      | 49 ||| CASTING Summon Small Mammal
    50 | D:1      | 50 ||| CASTING Summon Small Mammal
    94 | D:1      | 94 ||| CASTING Summon Small Mammal
    95 | D:1      | 95 ||| CASTING Summon Small Mammal
   107 | D:1      | 107 ||| CASTING Summon Small Mammal
   134 | D:1      | 134 ||| Wielding weapon +0 short sword.
   140 | D:1      | 140 ||| CASTING Summon Small Mammal
   141 | D:1      | 141 ||| CASTING Summon Small Mammal
   145 | D:1      | Reached skill level 1 in Axes
   175 | D:1      | 175 ||| CASTING Summon Small Mammal
   176 | D:1      | 176 ||| CASTING Summon Small Mammal
   233 | D:1      | 233 ||| CASTING Summon Small Mammal
   234 | D:1      | 234 ||| CASTING Summon Small Mammal
   245 | D:1      | 245 ||| CASTING Summon Small Mammal
   246 | D:1      | HP: 2/14 [hobgoblin (3)]
   492 | D:1      | Found Caucegg's Weapon Emporium.
   499 | D:1      | 499 ||| SHOPLISTING +0 falchion (39 gold, have 18).
   499 | D:1      | 499 ||| SHOPLISTING +0 hand axe (39 gold, have 18).
   517 | D:1      | 517 ||| CASTING Summon Small Mammal
   518 | D:1      | 518 ||| CASTING Summon Small Mammal
   522 | D:1      | Reached XP level 2. HP: 22/22 MP: 0/3
   562 | D:1      | 562 ||| CASTING Summon Small Mammal
   563 | D:1      | 563 ||| CASTING Summon Small Mammal
   564 | D:1      | 564 ||| CASTING Summon Small Mammal
   567 | D:1      | Reached skill level 1 in Fighting
   631 | D:1      | 631 ||| CASTING Summon Small Mammal
   632 | D:1      | 632 ||| CASTING Summon Small Mammal
   633 | D:1      | 633 ||| CASTING Summon Small Mammal
   810 | D:1      | Found Jouxeb's Antique Armour Emporium.
   818 | D:1      | 818 ||| SHOPLISTING chain mail (94 gold, have 24).
   818 | D:1      | 818 ||| SHOPLISTING dyed leather armour (105 gold, have
                  | 24).
   818 | D:1      | 818 ||| SHOPLISTING helmet (94 gold, have 24).
   818 | D:1      | 818 ||| SHOPLISTING plate armour (483 gold, have 24).
   820 | D:1      | 820 ||| CASTING Summon Small Mammal
   821 | D:1      | 821 ||| CASTING Summon Small Mammal
   822 | D:1      | 822 ||| CASTING Summon Small Mammal
   863 | D:1      | 863 ||| CASTING Summon Small Mammal
   864 | D:1      | 864 ||| CASTING Summon Small Mammal
   865 | D:1      | 865 ||| CASTING Summon Small Mammal
   875 | D:1      | 875 ||| CASTING Summon Small Mammal
   935 | D:1      | 935 ||| CASTING Summon Small Mammal
   936 | D:1      | 936 ||| CASTING Summon Small Mammal
   937 | D:1      | 937 ||| CASTING Summon Small Mammal
   947 | D:1      | 947 ||| CASTING Summon Small Mammal
  1020 | D:1      | 1020 ||| CASTING Summon Small Mammal
  1021 | D:1      | 1021 ||| CASTING Summon Small Mammal
  1022 | D:1      | 1022 ||| CASTING Summon Small Mammal
  1098 | D:1      | 1098 ||| CASTING Summon Small Mammal
  1099 | D:1      | 1099 ||| CASTING Summon Small Mammal
  1101 | D:1      | 1101 ||| CASTING Summon Small Mammal
  1110 | D:1      | 1110 ||| CASTING Summon Small Mammal
  1157 | D:1      | 1157 ||| CASTING Summon Small Mammal
  1158 | D:1      | 1158 ||| CASTING Summon Small Mammal
  1159 | D:1      | 1159 ||| CASTING Summon Small Mammal
  1198 | D:1      | 1198 ||| CASTING Summon Small Mammal
  1199 | D:1      | 1199 ||| CASTING Summon Small Mammal
  1200 | D:1      | 1200 ||| CASTING Summon Small Mammal
  1238 | D:1      | Found a faded altar of an unknown god.
  1240 | D:1      | 1240 ||| CASTING Summon Small Mammal
  1241 | D:1      | 1241 ||| CASTING Summon Small Mammal
  1242 | D:1      | 1242 ||| CASTING Summon Small Mammal
  1281 | D:1      | 1281 ||| SWAPPING to +0 hand axe.
  1282 | D:1      | 1282 ||| DROPPING +0 short sword.
  1385 | D:1      | 1385 ||| CASTING Summon Small Mammal
  1386 | D:1      | 1386 ||| CASTING Summon Small Mammal
  1387 | D:1      | 1387 ||| CASTING Summon Small Mammal
  1425 | D:1      | 1425 ||| CASTING Summon Small Mammal
  1426 | D:1      | 1426 ||| CASTING Summon Small Mammal
  1427 | D:1      | 1427 ||| CASTING Summon Small Mammal
  1435 | D:1      | Reached XP level 3. HP: 28/28 MP: 0/4
  1693 | D:1      | 1693 ||| UPGRADING to +0 ring mail.
  1703 | D:1      | 1703 ||| DROPPING +0 robe.
  1704 | D:1      | 1704 ||| DROPPING +6 ring of intelligence.
  1705 | D:1      | 1705 ||| READING 2 scrolls labelled PYAPSA HAHO.
  1706 | D:1      | 1706 ||| READING scroll labelled CAPOF ALEISI.
  1707 | D:1      | 1707 ||| READING scroll labelled HOEKKY TUGOCEX.
  1708 | D:1      | 1708 ||| DRINKING 2 murky dark potions.
  1709 | D:1      | 1709 ||| DROPPING potion of magic.
  1710 | D:1      | 1710 ||| DROPPING potion of berserk rage.
  1711 | D:1      | 1711 ||| DROPPING scroll of vulnerability.
  1743 | D:2      | 1743 ||| CASTING Summon Small Mammal
  1744 | D:2      | 1744 ||| STAIRDANCE
  1756 | D:2      | 1756 ||| STAIRDANCE
  1792 | D:2      | 1792 ||| CASTING Summon Small Mammal
  1793 | D:2      | 1793 ||| CASTING Summon Small Mammal
  1794 | D:2      | 1794 ||| CASTING Summon Small Mammal
  1795 | D:2      | 1795 ||| CASTING Summon Small Mammal
  1846 | D:2      | 1846 ||| CASTING Summon Small Mammal
  1847 | D:2      | 1847 ||| CASTING Summon Small Mammal
  1848 | D:2      | 1848 ||| CASTING Summon Small Mammal
  1849 | D:2      | 1849 ||| CASTING Summon Small Mammal
  1944 | D:2      | 1944 ||| CASTING Summon Small Mammal
  1945 | D:2      | 1945 ||| CASTING Summon Small Mammal
  1946 | D:2      | 1946 ||| CASTING Summon Small Mammal
  1947 | D:2      | 1947 ||| CASTING Summon Small Mammal
  1992 | D:2      | 1992 ||| CASTING Summon Small Mammal
  1993 | D:2      | 1993 ||| CASTING Summon Small Mammal
  1994 | D:2      | 1994 ||| CASTING Summon Small Mammal
  1995 | D:2      | 1995 ||| CASTING Summon Small Mammal
  2082 | D:2      | 2082 ||| CASTING Summon Small Mammal
  2083 | D:2      | 2083 ||| CASTING Summon Small Mammal
  2084 | D:2      | 2084 ||| CASTING Summon Small Mammal
  2085 | D:2      | 2085 ||| CASTING Summon Small Mammal
  2093 | D:2      | 2093 ||| CASTING Summon Small Mammal
  2149 | D:2      | 2149 ||| CASTING Summon Small Mammal
  2150 | D:2      | 2150 ||| CASTING Summon Small Mammal
  2151 | D:2      | 2151 ||| CASTING Summon Small Mammal
  2154 | D:2      | 2154 ||| CASTING Summon Small Mammal
  2245 | D:2      | 2245 ||| CASTING Summon Small Mammal
  2246 | D:2      | 2246 ||| CASTING Summon Small Mammal
  2247 | D:2      | 2247 ||| CASTING Summon Small Mammal
  2299 | D:2      | 2299 ||| CASTING Summon Small Mammal
  2300 | D:2      | 2300 ||| CASTING Summon Small Mammal
  2337 | D:2      | 2337 ||| CASTING Summon Small Mammal
  2341 | D:2      | 2341 ||| CASTING Summon Small Mammal
  2342 | D:2      | 2342 ||| CASTING Summon Small Mammal
  2343 | D:2      | 2343 ||| CASTING Summon Small Mammal
  2348 | D:2      | 2348 ||| CASTING Summon Small Mammal
  2459 | D:2      | 2459 ||| CASTING Summon Small Mammal
  2460 | D:2      | 2460 ||| CASTING Summon Small Mammal
  2461 | D:2      | 2461 ||| CASTING Summon Small Mammal
  2462 | D:2      | 2462 ||| CASTING Summon Small Mammal
  2506 | D:2      | 2506 ||| CASTING Summon Small Mammal
  2507 | D:2      | 2507 ||| CASTING Summon Small Mammal
  2508 | D:2      | 2508 ||| CASTING Summon Small Mammal
  2509 | D:2      | 2509 ||| CASTING Summon Small Mammal
  2569 | D:2      | 2569 ||| CASTING Summon Small Mammal
  2585 | D:2      | 2585 ||| CASTING Summon Small Mammal
  2586 | D:2      | 2586 ||| CASTING Summon Small Mammal
  2587 | D:2      | 2587 ||| CASTING Summon Small Mammal
  2588 | D:2      | 2588 ||| CASTING Summon Small Mammal
  2659 | D:2      | 2659 ||| CASTING Summon Small Mammal
  2660 | D:2      | 2660 ||| CASTING Summon Small Mammal
  2661 | D:2      | 2661 ||| CASTING Summon Small Mammal
  2662 | D:2      | 2662 ||| CASTING Summon Small Mammal
  2952 | D:2      | 2952 ||| CASTING Summon Small Mammal
  2953 | D:2      | 2953 ||| CASTING Summon Small Mammal
  2954 | D:2      | 2954 ||| CASTING Summon Small Mammal
  3131 | D:2      | 3131 ||| CASTING Summon Small Mammal
  3132 | D:2      | 3132 ||| CASTING Summon Small Mammal
  3133 | D:2      | 3133 ||| CASTING Summon Small Mammal
  3134 | D:2      | 3134 ||| CASTING Summon Small Mammal
  3186 | D:2      | 3186 ||| CASTING Summon Small Mammal
  3188 | D:2      | 3188 ||| CASTING Summon Small Mammal
  3189 | D:2      | 3189 ||| CASTING Summon Small Mammal
  3388 | D:2      | 3388 ||| UPGRADING to +0 scale mail.
  3398 | D:2      | 3398 ||| DROPPING +0 ring mail.
  3399 | D:2      | 3399 ||| READING scroll labelled YNGUGH YGGENY.
  3570 | D:3      | Reached XP level 4. HP: 29/36 MP: 5/5
  3766 | D:3      | 3766 ||| FLEEEEING.
  3767 | D:3      | 3767 ||| FLEEEEING.
  3774 | D:3      | 3774 ||| FLEEEEING.
  3779 | D:3      | 3779 ||| FLEEEEING.
  3780 | D:3      | 3780 ||| FLEEEEING.
  3785 | D:3      | 3785 ||| FLEEEEING.
  3786 | D:3      | 3786 ||| FLEEEEING.
  3787 | D:3      | 3787 ||| FLEEEEING.
  3789 | D:3      | 3789 ||| FLEEEEING.
  3790 | D:3      | 3790 ||| FLEEEEING.
  3791 | D:3      | 3791 ||| FLEEEEING.
  3797 | D:3      | 3797 ||| FLEEEEING.
  3806 | D:3      | 3806 ||| STAIRDANCE
  3877 | D:3      | Reached skill level 3 in Axes
  3885 | D:3      | Found a burning altar of Makhleb.
  3953 | D:3      | Found a hazy altar of Hepliaklqana.
  4354 | D:3      | 4354 ||| DROPPING +0 club.
  4616 | D:3      | 4616 ||| UPGRADING to +0 chain mail.
  4626 | D:3      | 4626 ||| DROPPING +0 scale mail.
  4627 | D:3      | 4627 ||| READING scroll labelled QOMPOE OXYMI.
  4628 | D:3      | 4628 ||| READING scroll labelled JEVOGO KOLAD.
  4728 | D:4      | Noticed a wyvern
  4737 | D:4      | HP: 5/36 [wyvern (6)]
  4738 | D:4      | Slain by a wyvern

Levels and vault maps discovered:
D:1:      dpeg_arrival_water_temple_mockup, layout_basic, serial_shops, shop,
          shop, hellmonk_ecumenical_altar_leap_of_faith, kennysheep_doodads
D:2:      layout_loops_corners, kennysheep_generic_room_11
D:3:      layout_loops_corners, nzn_hepliaklqana_mist_gate,
          amcnicky_altar_gilded
D:4:      layout_basic, nicolae_qazlal_style_of_elements,
          mainiacjoe_overflow_surrounded_room, nicolae_vehumet_radiance

Skill      XL: |  1  2  3  4 |
---------------+-------------+-----
Axes           | 1 2 3 |  3.3
Fighting       | 1 2 |  2.0
Armour         | |  0.1
Dodging        | |  1.7
Stealth        | |  2.1
Spellcasting   | |  1.7
Summonings     | |  3.6

Action                   |  1- 3 |  4- 6 || total
-------------------------+-------+-------++-------
Melee: Short sword       |    25 |       ||    25
       Unarmed           |     7 |       ||     7
       Hand axe          |   104 |    90 ||   194
       Punch             |     2 |       ||     2
Throw: Boomerang         |     2 |    35 ||    37
 Cast: Summon Small Mamm |   105 |       ||   105
  Use: Scroll            |     4 |     2 ||     6
       Potion            |     1 |       ||     1
Armor: Robe              |     6 |       ||     6
       Ring mail         |    50 |       ||    50
       Scale mail        |     8 |    34 ||    42
       Chain mail        |       |     5 ||     5
Dodge: Dodged            |    80 |    65 ||   145

Table legend:
 A = Non-vault XP
 B = Vault XP
 C = Vault XP percentage of total XP
 D = Non-vault monster count
 E = Vault monster count
 F = Vault count percentage of total count
                 A         B        C        D         E       F
            +---------+---------+-------+---------+---------+-------
      Total |     157 |       0 |   0.0 |      63 |       0 |   0.0
            +---------+---------+-------+---------+---------+-------
        D:1 |      35 |       0 |   0.0 |      21 |       0 |   0.0
        D:2 |      42 |       0 |   0.0 |      21 |       0 |   0.0
        D:3 |      76 |       0 |   0.0 |      19 |       0 |   0.0
        D:4 |       4 |       0 |   0.0 |       2 |       0 |   0.0
            +---------+---------+-------+---------+---------+-------
